 Dungeon Crawl Stone Soup version 0.31-a0-574-g69dc8cc98e (webtiles) character file.

Game seed: 13418880874695688370

3 Ge0ff the Grave Robber (level 1, -1/14 HPs)
             Began as a Barachi Necromancer on Aug 18, 2023.
             Slain by a gnoll
             ... wielding a +0 flail
              (7 damage)
             ... on level 1 of the Dungeon.
             The game lasted 00:00:58 (73 turns).

Ge0ff the Grave Robber (Barachi Necromancer)          Turns: 73, Time: 00:00:58

Health: -1/14      AC:  2    Str:  9    XL:     1   Next: 50%
Magic:  0/3        EV: 12    Int: 15    God:
Gold:   0          SH:  0    Dex: 12    Spells: 3/4 levels left

rFire   . . .        (no weapon)
rCold   . . .        (no shield)
rNeg    . . .        a - +0 robe
rPois   .            (no helmet)
rElec   .            (no cloak)
rCorr   .            (no gloves)
SInv    .            (no boots)
Will    .....        (no amulet)
Stlth   ++           (no ring)
HPRegen 0.22/turn    (no ring)
MPRegen 0.08/turn

%: no passive effects
@: unable to hop, slow
A: amphibious, slowness 1, strong legs 1, +LOS
a: Hop


You were on level 1 of the Dungeon.
You visited 1 branch of the dungeon, and saw 1 of its levels.

Inventory:

Armour
 a - a +0 robe (worn)


   Skills:
 + Level 0.4 Fighting
 - Level 2.1 Dodging
 - Level 1.7 Stealth
 - Level 2.1 Spellcasting
 * Level 3.7 Necromancy


You had 3 spell levels left.
You knew the following spells:

 Your Spells              Type           Power      Damage    Failure   Level
k - Necrotise             Necr           48%        1d6       4%          1

Your spell library contained the following spells:

 Spells                   Type           Power      Damage    Failure   Level
 Vampiric Draining        Necr           12%        2d6       14%         3
 Animate Dead             Necr           12%        N/A       43%         4
 Agony                    Necr           12%        N/A       78%         5


Dungeon Overview and Level Annotations

Branches:
Dungeon (1/15) Zot: 5918

Altars:


Innate Abilities, Weirdness & Mutations

You are amphibious.
You cover ground slowly.
You can hop short distances.
You have an extended range of vision and can be seen from far away.


Message History

Aiming: Necrotise (safe; 4% risk of failure)
Press: ? - help, Shift-Dir - straight line, f/p - jackal
Aim: a jackal (heavily wounded, pursuing quickly, chance to affect: 81%)
The jackal writhes in agony.
The jackal bites you.
* * * LOW HITPOINT WARNING * * *
The jackal closely misses you.
Use which ability? (? or * to list) Hop to where?
Press: ? - help, Dir - move target, p - jackal Boing!
Casting: Necrotise (safe; 4% risk of failure)
Confirm with . or Enter, or press ? or * to list all spells.
Aiming: Necrotise (safe; 4% risk of failure)
Press: ? - help, Shift-Dir - straight line, f - jackal
Aim: a jackal (sparse dust, almost dead, pursuing quickly, chance to affect: 81%)
The jackal writhes in agony.
You kill the jackal!
The dead are walking!
Casting: Necrotise (safe; 4% risk of failure)
Confirm with . or Enter, or press ? or * to list all spells.
Aiming: Necrotise (safe; 4% risk of failure)
Press: ? - help, Shift-Dir - straight line, f - gnoll
Aim: a gnoll, wielding a +0 flail (sparse dust, chance to affect: 75%)
The gnoll writhes in agony.
Your jackal skeleton bites the jackal.
You aren't carrying any scrolls.
You aren't carrying any potions.
Casting: Necrotise (safe; 4% risk of failure)
Confirm with . or Enter, or press ? or * to list all spells.
Aiming: Necrotise (safe; 4% risk of failure)
Press: ? - help, Shift-Dir - straight line, f/p - gnoll
Aim: a gnoll, wielding a +0 flail (moderately wounded, chance to affect: 75%)
The gnoll struggles to resist.
You completely miss the gnoll.
The gnoll is moderately wounded.
The jackal is no longer moving quickly.
The gnoll closely misses you.
You hit the gnoll but do no damage.
The gnoll is moderately wounded.
Your jackal skeleton bites the jackal but does no damage.
The gnoll misses you.
You hit the gnoll but do no damage.
The gnoll is moderately wounded.
The jackal bites your jackal skeleton.
Your jackal skeleton barely misses the jackal.
The jackal bites your jackal skeleton. The gnoll misses you.
You barely miss the gnoll.
The gnoll is moderately wounded.
Your jackal skeleton barely misses the jackal.
The jackal bites your jackal skeleton. The gnoll hits you with a +0 flail!
Ouch! That really hurt!
You die...

♣.♣.♣#######
♣<♣.......♣
♣.♣.♣####.#..
#.♣.♣.#♣
#.##.##.##
#.# #. ♣#Z##
#.# #. ##h##
#.# #. ##g##
#.# .. ##@#
.# ..
##.....# .♣
...### ..##
... ##.. #.#
.# #


You could see a gnoll (ally target), a jackal (distracted) and a friendly jackal
skeleton.

Vanquished Creatures
  2 jackals (D:1)
  A rat (D:1)
3 creatures vanquished.

Notes
Turn   | Place    | Note
-------+----------+-------------------------------------------
     0 | D:1      | Ge0ff the Barachi Necromancer began the quest for the Orb.
     0 | D:1      | Reached XP level 1. HP: 13/13 MP: 3/3
    73 | D:1      | Slain by a gnoll

Illustrated notes

Levels and vault maps discovered:
D:1:      spicycebolla_arrival_xxxplode, layout_rooms, st_stairs_2,
          minmay_tetromino_i2

Action                     || total
---------------------------++-------
  Melee: Unarmed           ||     6
   Cast: Necrotise         ||    10
Ability: Hop               ||     1
    Use: Potion            ||     1
 Armour: Robe              ||     3
  Dodge: Dodged            ||    15

Table legend: (Time is in decaauts)
 A = Elapsed time spent in this place.
 B = Non-inter-level travel time spent in this place.
 C = Inter-level travel time spent in this place.
 D = Time resting spent in this place.
 E = Time spent auto-exploring this place.
 F = Levels seen in this place.
 G = Mean time per level.
                   A        B        C        D        E       F      G
               +--------+--------+--------+--------+--------+-----+--------+
         Total |     80 |     80 |      0 |     20 |     10 |   1 |   80.0 |
       Dungeon |     80 |     80 |      0 |     20 |     10 |   1 |   80.0 |
               +--------+--------+--------+--------+--------+-----+--------+

Top non-repeatable levels by time:
     D:1: 80 daAuts
